 Dungeon Crawl Stone Soup version 0.29-a0-341-g24ffce5b50 (webtiles) character file.

Game seed: 6398459503925281403

81 spaghetti the Sneak (level 4, -3/42 HPs)
             Began as a Naga Delver on Apr 20, 2022.
             Slain by an ogre
             ... wielding a +0 giant spiked club
              (24 damage)
             ... on level 5 of the Dungeon.
             The game lasted 00:01:34 (785 turns).

spaghetti the Sneak (Naga Delver)                    Turns: 785, Time: 00:01:35

Health: -3/42      AC:  2    Str: 14    XL:     4   Next: 40%
Magic:  4/4        EV:  9    Int: 13    God:
Gold:   96         SH:  0    Dex: 12    Spells: 3/3 levels left

rFire   . . .      SeeInvis +   h - staff of earth {!astaff}
rCold   . . .      Faith    .   (no shield)
rNeg    . . .      Spirit   .   b - +0 leather armour
rPois   +          Reflect  .   (no helmet)
rElec   .          Harm     .   (no cloak)
rCorr   .          Rampage  .   (no gloves)
Will    .....                   (no barding)
Stlth   +++.......              (no amulet)
HPRegen 0.14/turn               (no ring)
MPRegen 0.09/turn               (no ring)

@: short of breath, very slow
A: AC +1, large, see invisible, deformed body, poison resistance, slowness 2,
spit poison 1, naga tail 1
a: Spit Poison


You were on level 5 of the Dungeon.
You visited 1 branch of the dungeon, and saw 2 of its levels.

You collected 96 gold pieces.


Innate Abilities, Weirdness & Mutations

Your serpentine skin is tough. (AC +1)
You have supernaturally acute eyesight. (SInv)
Armour fits poorly on your strangely shaped body.
Your system is resistant to poisons. (rPois)
You cover ground very slowly.
You can spit poison.
You have a snake-like lower body.


   Skills:
 - Level 3.0 Fighting
 - Level 2.0(3.2) Maces & Flails
 + Level 3.9(4.1) Staves
 - Level 1.5 Dodging
 - Level 7.2 Stealth


You had 3 spell levels left.
You didn't know any spells.
Your spell library contained the following spells:

 Spells                   Type           Power      Damage    Failure   Level
 Ensorcelled Hibernation  Hex/Ice        0%         N/A       52%         2
 Passwall                 Tmut/Erth      0%         N/A       52%         2
 Swiftness                Air            0%         N/A       75%         3

Inventory:

Hand Weapons
 a - a +0 mace {mace}
Missiles
 e - 105 stones {throwing}
Armour
 b - a +0 leather armour (worn)
Magical Staves
 h - a staff of earth (weapon) {!astaff}
   (You found it on level 5 of the Dungeon)
Wands
 f - a wand of flame (11)
   (You found it on level 5 of the Dungeon)
 g - a wand of digging (5)
Scrolls
 c - a scroll of fog
 d - a scroll of magic mapping {!r}
 j - a scroll of enchant armour {unknown}
 k - 2 scrolls of identify {unknown}
 m - a scroll of enchant weapon {unknown}
Potions
 l - a potion of attraction {unknown}

Dungeon Overview and Level Annotations

Branches:
Dungeon (6/15)
 Temple: D:4-7

Altars:

#.....# .... ####(#####.....
#...(..>...#
O#.####...(#.....#
...........#.###.# #
##.####......# ...
#.##...###.>.#########
#.##.#O......#.^.....## ######
#.....@.#. #.......## .....#
####.##...####.#####.## ####.#
#...######.......#.## #.#
#...# #............ #.# #...#
#..#.##..#.## #.# #...#
#..#.......## #.# #...#
#..##.#..#### # #.# #...#
###...........# ##
#.########...###..............


You could see an ogre (very poisoned).


Message History

You now have 44 gold pieces (gained 15).
You now have 53 gold pieces (gained 9).
Key pressed, stopping explore.
e - 17 stones {throwing} You now have 61 gold pieces (gained 8).
Key pressed, stopping explore.
e - 37 stones {throwing} (gained 20)
e - 52 stones {throwing} (gained 15)
f - a wand of flame (15)
j - a scroll labelled WAFIFE BOUNTA
k - a scroll labelled YSANWE YCKUPYM Key pressed, stopping explore.
l - an emerald potion
e - 74 stones {throwing} (gained 22)
You now have 75 gold pieces (gained 14).
Found a stone staircase leading up.
There is a stone staircase leading up here.
Key pressed, stopping explore.
Key pressed, stopping explore.
k - 2 scrolls labelled YSANWE YCKUPYM (gained 1)
You now have 89 gold pieces (gained 14).
m - a scroll labelled KYISISU ONIA You pick up a book of Burglary and begin reading...
You add the spells Passwall, Ensorcelled Hibernation and Swiftness to your library.
Okay, then.
You now have 96 gold pieces (gained 7).
Key pressed, stopping explore.
Found a stone staircase leading up.
e - 105 stones {throwing} (gained 31)
You see here a +0 quarterstaff {staff}.
Found an escape hatch in the floor.
Key pressed, stopping explore.
Found a stone staircase leading down.
An ogre comes into view. It is wielding a +0 giant spiked club.
An ogre is nearby!
Okay, then.
Throw: 3 darts (poison) {throwing}
Press: ? - help, Shift-Dir - straight line, f - ogre
Aim: an ogre, wielding a +0 giant spiked club (wandering, hasn't noticed you, 73% to hit)
You throw a poisoned dart {throwing}.
The poisoned dart {throwing} hits the ogre.
The ogre shouts!
Throw: 2 darts (poison) {throwing}
Press: ? - help, Shift-Dir - straight line, f/p - ogre
Aim: an ogre, wielding a +0 giant spiked club (73% to hit)
You throw a poisoned dart {throwing}.
The poisoned dart {throwing} hits the ogre.
The ogre is poisoned.
Throw: dart (poison) {throwing}
Press: ? - help, Shift-Dir - straight line, f/p - ogre
Aim: an ogre, wielding a +0 giant spiked club (lightly wounded, poisoned, 73% to hit)
You throw a poisoned dart {throwing}.
The poisoned dart {throwing} hits the ogre.
The ogre looks even sicker.
No previous command to re-do.
Aiming: Spit Poison (1% risk of failure)
Press: ? - help, Shift-Dir - straight line, f/p - ogre
Aim: an ogre, wielding a +0 giant spiked club (lightly wounded, very poisoned, 81% to hit)
The splash of poison misses the ogre.
Aiming: Throw Flame
Press: ? - help, Shift-Dir - straight line, f/p - ogre
Aim: an ogre, wielding a +0 giant spiked club (lightly wounded, very poisoned, 85% to hit)
The puff of flame hits the ogre!
Okay, then.
You don't have any such object.
Evoke which item? (* to show all) (? for menu, Esc to quit)
You don't have any such object.
Evoke which item? (* to show all) (? for menu, Esc to quit)
You don't have any such object.
Evoke which item? (* to show all) (? for menu, Esc to quit)
Okay, then.
Unknown command.
Aiming: Throw Flame
Press: ? - help, Shift-Dir - straight line, f/p - ogre
Aim: an ogre, wielding a +0 giant spiked club (moderately wounded, very poisoned, 85% to hit)
The puff of flame hits the ogre.
You have got your breath back.
The ogre barely misses you.
Aiming: Throw Flame
Press: ? - help, Shift-Dir - straight line, f/p - ogre
Aim: an ogre, wielding a +0 giant spiked club (moderately wounded, very poisoned, 85% to hit)
The puff of flame hits the ogre.
The ogre hits you with a +0 giant spiked club!!
Ouch! That really hurt!
* * * LOW HITPOINT WARNING * * *
😨 HP[-21]
You take 21 damage, and now have 21/42 hp.
MASSIVE DAMAGE!! (PAUSE)
Aiming: Spit Poison (1% risk of failure)
Press: ? - help, Shift-Dir - straight line, f/p - ogre
Aim: an ogre, wielding a +0 giant spiked club (heavily wounded, very poisoned, 81% to hit)
The splash of poison hits the ogre but does no damage.
The ogre looks even sicker.
Aiming: Throw Flame
Press: ? - help, Shift-Dir - straight line, f/p - ogre
Aim: an ogre, wielding a +0 giant spiked club (heavily wounded, very poisoned, 85% to hit)
The puff of flame hits the ogre!
The ogre hits you with a +0 giant spiked club!!
Ouch! That really hurt!
You die...

Skill      XL: |  1 |
---------------+----+-----
Staves         | 3 |  3.9
Fighting       | |  3.0
Maces & Flails | |  2.0
Dodging        | |  1.5
Stealth        | |  7.2

Action                   |  1- 3 |  4- 6 || total
-------------------------+-------+-------++-------
Throw: Dart              |     6 |     3 ||     9
 Abil: Spit Poison       |     1 |     2 ||     3
Evoke: Wand              |       |     4 ||     4
  Use: Scroll            |     1 |       ||     1
       Potion            |     1 |       ||     1
Dodge: Dodged            |     2 |     1 ||     3

Levels and vault maps discovered:
D:5:      layout_loops_cross
D:6:      layout_loops_cross, nicolae_take_the_stairs

Notes
Turn   | Place    | Note
-------+----------+-------------------------------------------
     0 | D:5      | spaghetti the Naga Delver began the quest for the Orb.
     0 | D:5      | Reached XP level 1. HP: 21/21 MP: 1/1
     0 | D:5      | magus.rc [v1.9.6]
    17 | D:5      | Noticed an ogre
   105 | D:5      | Noticed an ogre
   125 | D:5      | Killed an ogre
   126 | D:5      | Reached skill level 3 in Staves
   126 | D:5      | Reached XP level 2. HP: 12/28 MP: 2/2
   126 | D:5      | Reached XP level 3. HP: 15/34 MP: 3/3
   126 | D:5      | Reached XP level 4. HP: 18/42 MP: 4/4
   565 | D:5      | You pick up a book of Burglary and begin reading...
   565 | D:5      | You add the spells Passwall, Ensorcelled Hibernation and
                  | Swiftness to your library.
   775 | D:5      | Noticed an ogre
   785 | D:5      | Slain by an ogre

Vanquished Creatures
  An ogre (D:5)
1 creature vanquished.

Table legend:
 A = Non-vault XP
 B = Vault XP
 C = Vault XP percentage of total XP
 D = Non-vault monster count
 E = Vault monster count
 F = Vault count percentage of total count
                 A         B        C        D         E       F
            +---------+---------+-------+---------+---------+-------
      Total |     116 |       0 |   0.0 |       1 |       0 |   0.0
            +---------+---------+-------+---------+---------+-------
        D:5 |     116 |       0 |   0.0 |       1 |       0 |   0.0
            +---------+---------+-------+---------+---------+-------

Illustrated notes

Table legend:
 A = Kills in this place as a percentage of kills in entire the game.
 B = Kills by you in this place as a percentage of kills by you in the entire game.
 C = Kills by friends in this place as a percentage of kills by friends in the entire game.
 D = Other kills in this place as a percentage of other kills in the entire game.
 E = Experience gained in this place as a percentage of experience gained in the entire game.
 F = Experience gained in this place divided by the number of levels of this place that you have seen.
                   A       B       C       D       E      F
               +-------+-------+-------+-------+-------+----------------------
         Total | 100.0 | 100.0 |   N/A |   N/A | 100.0 |  58.0
       Dungeon | 100.0 | 100.0 |   N/A |   N/A | 100.0 |  58.0
               +-------+-------+-------+-------+-------+----------------------

Table legend: (Time is in decaauts)
 A = Elapsed time spent in this place.
 B = Non-inter-level travel time spent in this place.
 C = Inter-level travel time spent in this place.
 D = Time resting spent in this place.
 E = Time spent auto-exploring this place.
 F = Levels seen in this place.
 G = Mean time per level.
                   A        B        C        D        E       F      G
               +--------+--------+--------+--------+--------+-----+--------+
         Total |    996 |    987 |      9 |    166 |    755 |   2 |  498.0 |
       Dungeon |    996 |    987 |      9 |    166 |    755 |   2 |  498.0 |
               +--------+--------+--------+--------+--------+-----+--------+

Top non-repeatable levels by time:
     D:5: 909 daAuts
     D:6: 86 daAuts
